 Dungeon Crawl Stone Soup version 0.21.1-1-g345015f (webtiles) character file.

221414 saggywaggins the Warrior (level 18, 0/231 HPs)
             Began as a Minotaur Fighter on Apr 12, 2018.
             Was the Champion of Hepliaklqana.
             Slain by a merfolk
             ... wielding a +0 trident
              (9 damage)
             ... on level 4 of the Shoals on Apr 14, 2018.
             The game lasted 03:48:00 (47048 turns).

saggywaggins the Warrior (Minotaur Fighter)        Turns: 47048, Time: 03:48:02

Health: 0/231      AC: 29    Str: 25    XL:     18   Next: 88%
Magic:  23/23      EV:  2    Int:  6    God:    Hepliaklqana [******]
Gold:   535        SH:  0    Dex: 23    Spells: 17/17 levels left

rFire    . . .     SeeInvis +   q - +9 sword of Zonguldrok {reap}
rCold    . . .     Gourm    .   (no shield)
rNeg     + + +     Faith    .   (armour currently unavailable)
rPois    +         Spirit   .   (helmet currently unavailable)
rElec    .         Reflect  .   (cloak currently unavailable)
rCorr    .         Harm     .   (gloves currently unavailable)
MR       +....     Rnd*Rage +   (boots currently unavailable) Stlth +.........NoTele +
                                Q - amulet of rage
HPRegen  0.48/turn              U - ring of the Failed Coup {Dex+2 SInv}
MPRegen  0.18/turn              z - +3 ring of dexterity

@: confused, mighty, lethally poisoned (0 -> -3), tree-form, mesmerised, very
slightly contaminated, very slow
A: (retaliatory headbutt), reduced essence, berserk 1
a: Recall Ancestor, Ancestor Identity, Transference, Idealise, Renounce
Religion, Evoke Berserk Rage


You were on level 4 of the Shoals.
You worshipped Hepliaklqana.
Hepliaklqana was exalted by your worship.
You were not hungry.
You were a tree.
You visited 6 branches of the dungeon, and saw 32 of its levels.

You collected 2825 gold pieces.
You spent 2290 gold pieces at shops.

Inventory:

Hand Weapons
 e - the +1 mace of Guilt {antimagic, +Fly rPois Str+2}
   (You found it on level 6 of the Lair of Beasts)

   It reduces the magical energy of the wielder, and disrupts the spells and
   magical abilities of those hit.
   Natural abilities and divine invocations are not affected.
   It affects your strength (+2).
   It protects you from poison.
   It lets you fly.
 g - the +3 falchion of the Median {antimagic, Dex+3}
   (You found it on level 2 of the Shoals)

   It reduces the magical energy of the wielder, and disrupts the spells and
   magical abilities of those hit.
   Natural abilities and divine invocations are not affected.
   It affects your dexterity (+3).
 q - the +9 sword of Zonguldrok (weapon) {reap}
   (You bought it in a shop on level 2 of the Orcish Mines)

   If a monster killed with it leaves a corpse in good enough shape, the corpse
   will be animated as a zombie friendly to the killer.
 x - the +10 hunting sling of the Hierophant {freeze, Str+2 Dex+3}
   (You found it on level 3 of the Snake Pit)

   It causes projectiles fired from it to freeze those they strike, causing
   extra injury to most foes and up to half again as much damage against
   particularly susceptible opponents.
   They can also slow down cold-blooded creatures.
   It affects your strength (+2).
   It affects your dexterity (+3).
 N - the +5 shortbow of Dirrynn {flame, rC+ Str+2 Dex+5}
   (You took it off a spriggan on level 4 of the Lair of Beasts)

   It causes projectiles fired from it to burn those they strike, causing extra
   injury to most foes and up to half again as much damage against particularly
   susceptible opponents.
   It affects your strength (+2).
   It affects your dexterity (+5).
   It protects you from cold.
 O - a +4 great mace of protection
Missiles
 B - 280 arrows
Armour
 b - a scarf of resistance
 k - the +5 ring mail "Xodyt" {+Inv rPois Int-4 Slay+4}
   (You found it on level 15 of the Dungeon)

   It affects your intelligence (-4).
   It affects your accuracy and damage with ranged weapons and melee attacks
   (+4).
   It protects you from poison.
   It lets you turn invisible.
 m - +1 storm dragon scales (melded)
 r - a +2 hat of see invisible (melded)
 u - a +0 pair of gloves (melded)
 A - a +2 cloak of magic resistance (melded)
 V - a +1 large shield of fire resistance
Jewellery
 i - a +1 ring of protection
 o - an uncursed ring of flight
 w - an uncursed ring of poison resistance
 z - a +3 ring of dexterity (right branch)
 I - an uncursed ring of protection from cold
 Q - an amulet of rage (around neck)
 U - the ring of the Failed Coup (left branch) {Dex+2 SInv}
   (You found it on level 3 of the Shoals)

   [ring of see invisible]

   It affects your dexterity (+2).
   It lets you see invisible.
 W - the amulet "Mustyaru" {Inacc *Slow MR+ Str+4 Dex+2}
   (You found it on level 3 of the Shoals)

   [amulet of inaccuracy]

   It reduces the accuracy of all your attacks.
   It affects your strength (+4).
   It affects your dexterity (+2).
   It affects your resistance to hostile enchantments.
   It may slow you when you take damage.
Wands
 c - a wand of iceblast (6)
 t - a wand of flame (42)
 v - a wand of paralysis (40)
 C - a wand of polymorph (8)
 G - a wand of digging (12)
Scrolls
 l - 9 scrolls of identify
 n - 10 scrolls of remove curse
 p - 2 scrolls of teleportation
 E - a scroll of fear
 H - a scroll of fog
 J - a scroll of magic mapping
 K - 2 scrolls of blinking
Potions
 a - a potion of brilliance
 d - 3 potions of cancellation
 h - 2 potions of agility
 j - 5 potions of curing
 s - 2 potions of haste
 D - 6 potions of might
 F - 5 potions of lignification
 P - 6 potions of flight
 S - a potion of berserk rage
 T - 2 potions of magic
 Y - a potion of ambrosia
Books
 M - Goanniq's Arcane Secrets of Spellcraft
   (You found it on level 3 of the Shoals)

   Spells                             Type                      Level
   a - Shatter                        Earth                        9
 R - a book of Maledictions

   Spells                             Type                      Level
   a - Corona                         Hexes                        1
   b - Ensorcelled Hibernation        Hexes/Ice                    2
   c - Confuse                        Hexes                        3
   d - Tukima's Dance                 Hexes                        3
   e - Dazzling Spray                 Conjuration/Hexes            3
Miscellaneous
 y - a box of beasts
Comestibles
 f - 18 rations


   Skills:
 + Level 18.0 Fighting
 + Level 11.1 Long Blades
   Level 12.4(14.1) Axes
 - Level 11.5(13.6) Maces & Flails
 - Level 7.1 Bows
 + Level 16.8 Armour
 + Level 15.3 Dodging
 * Level 10.3 Shields
 - Level 8.0 Invocations
 - Level 5.0 Evocations


You had 17 spell levels left.
You didn't know any spells.

Dungeon Overview and Level Annotations

Branches:
Dungeon (15/15)            Temple (0/1) D:6            Lair (6/6) D:9
 Shoals (4/4) Lair:3        Snake (4/4) Lair:4        Slime (0/5) Lair:5
    Orc (2/2) D:12            Elf (0/3) Orc:2        Vaults (0/5) D:14
 Depths (1/5) D:15

Altars:
Ashenzari
Dithmenos
Elyvilon
Fedhas
Gozag
Hepliaklqana
Kikubaaqudgha
Makhleb
Ru
Vehumet
Wu Jian
Zin
The Shining One
Lugonu

Shops:
D:11 }(?   D:15 [   Orc:2 *[=(   Shoals:3 [?*

Portals:
Trove: D:10 (lose all piety)

Annotations:
D:3 1 runed door


Innate Abilities, Weirdness & Mutations

((You reflexively headbutt those who attack you in melee.))
((You have a pair of horns on your head.))
Your life essence is reduced to manifest your ancestor. (-10% HP)
You tend to lose your temper in combat.


Message History

The merfolk misses you. The snapping turtle closely misses you.
The merfolk aquamancer mumbles some strange words.
The merfolk aquamancer blinks!
The merfolk javelineer closely misses you.
The merfolk barely misses you.
The merfolk avatar chants its luring song.
Jimmy Two-Times points at the merfolk aquamancer and mumbles some strange words.
The merfolk appears confused.
You turn into a tree.
Your +2 cloak of magic resistance melds into your body.
Your +2 hat of see invisible melds into your body.
Your +0 pair of gloves melds into your body.
Your +1 storm dragon scales melds into your body.
You feel less resistant to hostile enchantments.
Your roots penetrate the ground.
You feel sick.
The centaur shoots an arrow.
The arrow hits you!
* * * LOW HITPOINT WARNING * * *
You hear a splash.
The merfolk hits you from afar with a trident!
You die...

≈≈≈.≈≈≈≈≈≈≈≈≈≈#
≈≈≈≈≈≈≈≈≈≈≈≈≈P≈≈
≈≈≈≈≈≈≈≈≈≈c≈≈P≈≈
≈≈≈≈≈≈≈≈≈≈≈≈PPP ≈
≈≈≈≈≈m≈≈≈≈≈≈≈# ≈≈
≈≈≈≈≈≈≈≈≈≈≈≈##≈≈≈
≈≈≈(≈≈≈t≈≈≈≈≈PP≈≈
≈≈≈≈≈≈m.♣≈≈c≈≈≈≈.
≈≈..≈≈H(R<≈≈≈P≈PP
≈≈.≈≈≈≈mm(m..PPP#
≈≈≈....m..m......
≈≈.≈#≈#≈......≈≈.
≈≈≈#≈≈≈#≈........
≈≈#≈≈≈≈≈#........
. ≈≈≈≈≈≈≈........
≈#≈≈≈≈≈#........


You could see the friendly Jimmy Two-Times the hexer, a merfolk avatar, 2
merfolk javelineers, a merfolk aquamancer, a snapping turtle, 3 merfolk, a faun,
a manticore and a centaur.

Vanquished Creatures
  Rupert (Lair:4)
  A kraken (Shoals:1)
  Gastronok (Lair:1)
  Donald (Shoals:1)
  Kirke (Lair:6)
  Ilsuiw (Shoals:3)
  A nagaraja (Snake:4)
  Roxanne (D:15)
  3 orc warlords
  A stone giant (Orc:2)
  5 merfolk impalers
  Josephine (Orc:1)
  4 hydras
  A yaktaur captain (D:15)
  18 naga warriors
  A vault guard (D:14)
  2 catoblepae (Lair:6)
  2 centaur warriors
  5 anacondas
  Erica (D:12)
  A merfolk aquamancer (Shoals:1)
  7 two-headed ogres
  An alligator snapping turtle (Shoals:3)
  10 death yaks (Lair:6)
  5 orc high priests (Orc:2)
  12 naga sharpshooters
  5 shock serpents
  Sonja (D:13)
  4 naga ritualists
  6 sea snakes
  17 harpies
  A lindwurm (Orc:1)
  3 deep elf magi
  3 orc knights (Orc:2)
  5 mana vipers
  5 manticores
  4 orc sorcerers
  4 cyclopes
  17 ugly things
  5 elephants (Lair:3)
  4 fauns
  An oklob plant (Lair:5)
  7 salamanders
  4 guardian serpents
  8 merfolk sirens
  A black mamba (shapeshifter) (D:14)
  8 naga magi
  17 black mambas
  3 torpor snails
  2 gargoyles
  A rime drake (Lair:1)
  10 spiny frogs
  5 komodo dragons
  A yaktaur (D:15)
  An efreet (D:11)
  15 merfolk
  5 trolls
  Grinder (D:6)
  A wind drake (shapeshifter) (D:14)
  5 wind drakes
  A polar bear (Lair:6)
  A snapping turtle (Shoals:2)
  Prince Ribbit (D:9)
  12 slime creatures
  A hornet (D:14)
  10 dream sheep
  9 blink frogs (Lair:5)
  6 hippogriffs
  5 spriggans (Lair:4)
  A shadow (D:14)
  40 yaks
  A basilisk (Lair:1)
  4 hogs
  9 water elementals
  5 wraiths
  A wyvern (D:11)
  3 hungry ghosts
  Grum (D:9)
  6 vampire mosquitoes
  Menkaure (D:6)
  3 wargs
  46 nagas
  16 water moccasins
  2 acid dragons
  A soldier ant (D:11)
  5 porcupines
  6 sky beasts
  4 ice beasts
  2 black bears
  2 eyes of draining
  2 phantoms
  36 orc warriors
  16 ogres
  9 wolves
  The ghost of thisgamesucks the Slasher, an amateur MfCK of Gozag (D:3)
  9 crocodiles
  11 centaurs
  2 big kobolds
  11 bullfrogs
  5 scorpions
  2 wyvern skeletons
  8 wights
  6 killer bees (D:8)
  11 jellies
  2 vampire bats (D:3)
  A howler monkey (D:5)
  An electric eel (D:7)
  A hexer (D:13)
  A bullfrog zombie (D:11)
  A lava snake (Lair:6)
  5 crimson imps
  2 quasits
  A centaur zombie (D:9)
  Crazy Yiuf (D:6)
  2 bullfrog skeletons
  17 orc priests
  8 hounds
  4 centaur skeletons
  23 orc wizards
  4 iguanas
  Natasha (D:4)
  7 worker ants
  A killer bee zombie (D:10)
  A hound zombie (D:8)
  A hound skeleton (D:8)
  5 gnolls
  14 adders
  3 shadow imps
  11 oozes
  3 adder skeletons
  4 worms
  2 dart slugs (D:1)
  8 leopard geckos
  86 orcs
  3 bat skeletons (D:3)
  3 bat zombies (D:3)
  9 giant cockroaches
  4 hobgoblins
  5 jackals
  19 kobolds
  6 quokkas
  A ball python (D:1)
  9 bats
  5 frilled lizards
  8 goblins
  6 rats
  2 bushes
  3 fungi (Lair:6)
  7 plants
913 creatures vanquished.

Vanquished Creatures (collateral kills)
  The ghost of Aldia the Grappler, a journeyman TrBe of Trog (Lair:6)
  2 merfolk impalers
  A merfolk avatar (Shoals:3)
  4 naga warriors
  3 hydras
  A catoblepas (Lair:6)
  An anaconda (Snake:2)
  6 two-headed ogres
  3 naga sharpshooters (Snake:3)
  A shock serpent (Snake:1)
  4 harpies
  A naga ritualist (Snake:1)
  2 mana vipers (Snake:3)
  2 salamanders (Snake:3)
  An orc sorcerer (Orc:1)
  An elephant (Lair:3)
  4 manticores
  2 fauns (Shoals:1)
  A cyclops (Shoals:3)
  3 merfolk sirens
  5 black mambas
  3 water nymphs
  Maurice (D:9)
  A spiny frog (Lair:4)
  8 naga magi
  3 komodo dragons
  A centaur skeleton (D:13)
  3 merfolk
  A jumping spider (shapeshifter) (D:14)
  2 wind drakes
  A blink frog (Lair:5)
  2 hippogriffs
  3 dream sheep (Shoals:2)
  2 slime creatures (D:12)
  2 snapping turtles
  A spriggan (Lair:4)
  2 water elementals
  3 yaks
  A hog (shapeshifter) (D:13)
  3 basilisks
  A warg (Orc:1)
  11 nagas
  3 water moccasins (Lair:4)
  A porcupine (Lair:4)
  3 orc warriors
  A necrophage (D:7)
  2 sky beasts
  A black bear (D:8)
  A phantom (D:8)
  5 ogres
  6 wolves
  A centaur (D:10)
  A crocodile (Lair:6)
  2 big kobolds
  3 bullfrogs
  A wight (D:14)
  An electric eel (D:7)
  2 bullfrog zombies
  A jelly (D:11)
  An orc priest (Orc:1)
  A gnoll shaman (D:5)
  Natasha (twice) (D:4)
  9 orc wizards
  A worker ant (D:10)
  A worker ant zombie (D:11)
  3 gnolls (D:5)
  An adder (D:8)
  A shadow imp (D:7)
  19 orcs
  3 kobolds
  A leopard gecko skeleton (D:5)
  A fungus (Lair:6)
  6 plants
  2 tentacles (Shoals:1)
191 creatures vanquished.

Vanquished Creatures (others)
  A naga mage (Snake:3)
  A wind drake (Shoals:4)
  A human (Lair:6)
  26 hexers
  2 orc wizards
  13 fungi
  4 plants (Lair:6)
  6 tentacles (Shoals:1)
54 creatures vanquished.

Grand Total: 1158 creatures vanquished

Notes
Turn   | Place    | Note
-------+----------+-------------------------------------------
     0 | D:1      | saggywaggins the Minotaur Fighter began the quest for the Orb.
     0 | D:1      | Reached XP level 1. HP: 19/19 MP: 0/0
   152 | D:1      | Reached skill level 4 in Fighting
   241 | D:1      | Reached XP level 2. HP: 27/27 MP: 1/1
  1079 | D:2      | Reached XP level 3. HP: 34/34 MP: 2/2
  1540 | D:2      | Reached skill level 5 in Fighting
  1540 | D:2      | Reached XP level 4. HP: 34/42 MP: 3/3
  1656 | D:3      | Found a glowing golden altar of the Shining One.
  1658 | D:3      | Noticed an angel
  1659 | D:3      | Found a runed door.
  1732 | D:3      | Noticed thisgamesucks's ghost (amateur MfCK)
  1764 | D:3      | Killed thisgamesucks's ghost
  1764 | D:3      | Reached skill level 5 in Axes
  1764 | D:3      | Reached XP level 5. HP: 18/50 MP: 4/4
  2155 | D:3      | Found a faded altar of an unknown god.
  2237 | D:3      | Reached skill level 6 in Fighting
  2395 | D:3      | Found an ancient bone altar of Kikubaaqudgha.
  2404 | D:3      | Reached XP level 6. HP: 58/58 MP: 5/5
  2645 | D:4      | Noticed Natasha
  2654 | D:4      | Killed Natasha
  2662 | D:4      | Found a hazy altar of Hepliaklqana.
  2669 | D:4      | Became a worshipper of Hepliaklqana the Forgotten
  2989 | D:4      | Reached skill level 7 in Fighting
  2989 | D:4      | Reached XP level 7. HP: 17/59 MP: 6/6
  3229 | D:4      | Found a white marble altar of Elyvilon.
  3392 | D:4      | Noticed Natasha
  3398 | D:4      | Killed Natasha
  3409 | D:4      | Noticed Natasha
  3419 | D:4      | Killed Natasha
  4152 | D:5      | Entered Level 5 of the Dungeon
  4153 | D:5      | Reached * piety under Hepliaklqana
  4204 | D:5      | Reached skill level 8 in Fighting
  4862 | D:5      | Reached skill level 1 in Dodging
  4865 | D:5      | Reached XP level 8. HP: 60/67 MP: 7/7
  5188 | D:6      | Noticed Grinder
  5199 | D:6      | Killed Grinder
  5285 | D:6      | Reached skill level 9 in Fighting
  5285 | D:6      | Reached skill level 5 in Armour
  5391 | D:6      | Noticed Menkaure
  5395 | D:6      | Killed Menkaure
  5576 | D:6      | Found a staircase to the Ecumenical Temple.
  5634 | D:6      | Found a runed door.
  5774 | D:6      | Reached ** piety under Hepliaklqana
  5776 | D:6      | Remembered your ancestor Jimmy Two-Times as a hexer
  5986 | D:6      | Noticed Crazy Yiuf
  5992 | D:6      | Killed Crazy Yiuf
  6048 | D:7      | Found a sacrificial altar of Ru.
  6059 | D:7      | Reached XP level 9. HP: 73/75 MP: 8/8
  6132 | D:7      | Found a glowing silver altar of Zin.
  6187 | D:7      | Found a blossoming altar of Fedhas.
  6684 | D:7      | Reached skill level 10 in Fighting
  6860 | D:8      | Reached skill level 5 in Dodging
  7044 | D:8      | Reached skill level 10 in Axes
  7329 | D:8      | Reached *** piety under Hepliaklqana
  7413 | D:8      | Noticed a two-headed ogre
  7420 | D:8      | Killed a two-headed ogre
  7420 | D:8      | Reached XP level 10. HP: 61/84 MP: 9/9
  7527 | D:8      | Found a burning altar of Makhleb.
  7889 | D:9      | Noticed a two-headed ogre
  7897 | D:9      | Killed a two-headed ogre
  7897 | D:9      | Reached skill level 11 in Fighting
  8045 | D:9      | Noticed Grum
  8054 | D:9      | Killed Grum
  8165 | D:9      | Noticed Maurice
  8178 | D:9      | Killed Maurice
  8313 | D:9      | Found a staircase to the Lair.
  9053 | D:9      | Found an ornate altar of the Wu Jian Council.
  9058 | D:9      | Noticed Prince Ribbit
  9066 | D:9      | Killed Prince Ribbit
  9411 | D:10     | Entered Level 10 of the Dungeon
  9493 | D:10     | Noticed a two-headed ogre
  9501 | D:10     | Killed a two-headed ogre
  9501 | D:10     | Reached XP level 11. HP: 70/93 MP: 10/10
  9553 | D:10     | Noticed a two-headed ogre
  9628 | D:10     | Killed a two-headed ogre
  9973 | D:10     | Noticed a two-headed ogre
  9979 | D:10     | Killed a two-headed ogre
  9979 | D:10     | Reached skill level 12 in Fighting
 10173 | D:10     | Found a portal to a secret trove of treasure.
 10427 | D:11     | Reached skill level 10 in Armour
 10643 | D:11     | Noticed a red ugly thing
 10660 | D:11     | Killed a red ugly thing
 11156 | D:11     | Noticed a two-headed ogre
 11163 | D:11     | Killed a two-headed ogre
 11304 | D:11     | Found Zaemino's Magic Scroll Emporium.
 11313 | D:11     | Bought a scroll of identify for 24 gold pieces
 11313 | D:11     | Bought a scroll of enchant armour for 90 gold pieces
 11313 | D:11     | Bought a scroll of identify for 24 gold pieces
 11349 | D:11     | Found Qybedgh's Weapon Shoppe.
 11361 | D:11     | Bought a +2 dire flail of protection for 285 gold pieces
 11365 | D:11     | Reached **** piety under Hepliaklqana
 11385 | D:11     | Reached skill level 1 in Maces & Flails
 11526 | D:11     | Found Fockideh's Gadget Shop.
 11697 | D:11     | Noticed a two-headed ogre
 11706 | D:11     | Killed a two-headed ogre
 12093 | D:12     | Reached XP level 12. HP: 63/101 MP: 11/11
 12249 | D:12     | Noticed a two-headed ogre
 12252 | D:12     | Noticed a two-headed ogre
 12258 | D:12     | Killed a two-headed ogre
 12258 | D:12     | Reached skill level 13 in Fighting
 12261 | D:12     | Killed a two-headed ogre
 12261 | D:12     | Reached skill level 5 in Maces & Flails
 12618 | D:12     | Found a staircase to the Orcish Mines.
 13155 | D:13     | Noticed a five-headed hydra
 13167 | D:13     | Killed a five-headed hydra
 13172 | D:13     | Reached skill level 10 in Dodging
 13208 | D:13     | Noticed a centaur warrior
 13216 | D:13     | Killed a centaur warrior
 13339 | D:13     | Noticed Sonja
 13349 | D:13     | Killed Sonja
 14531 | D:13     | Reached ***** piety under Hepliaklqana
 14670 | D:13     | Reached skill level 1 in Invocations
 15540 | D:14     | Found a shattered altar of Ashenzari.
 15578 | D:14     | Reached XP level 13. HP: 98/110 MP: 14/14
 15663 | D:14     | Found a corrupted altar of Lugonu.
 15999 | D:14     | Found a radiant altar of Vehumet.
 16307 | D:14     | Reached skill level 14 in Fighting
 16327 | D:14     | Reached skill level 5 in Invocations
 16608 | D:14     | Found a gate to the Vaults.
 17486 | D:15     | Entered Level 15 of the Dungeon
 17516 | D:15     | Found a staircase to the Depths.
 17806 | Lair:1   | Entered Level 1 of the Lair of Beasts
 17899 | Lair:1   | Noticed Gastronok
 17915 | Lair:1   | Killed Gastronok
 18376 | Lair:1   | Got a shimmering leather armour
 18387 | Lair:1   | Identified the +0 leather armour of Mumblety Peg {rPois rN+ MR- Int+4} (You found it on level 1 of the Lair of Beasts)
 19135 | Lair:2   | Reached ****** piety under Hepliaklqana
 19557 | Lair:3   | Reached XP level 14. HP: 106/119 MP: 18/18
 20017 | Lair:3   | Found a staircase to the Shoals.
 20522 | Lair:4   | Reached skill level 10 in Maces & Flails
 20576 | Lair:4   | Found a staircase to the Snake Pit.
 20693 | Lair:4   | Noticed Rupert
 20711 | Lair:4   | Killed Rupert
 21272 | Lair:4   | Got a slimy shortbow
 21273 | Lair:4   | Identified the +5 shortbow of Dirrynn {flame, rC+ Str+2 Dex+5} (You took it off a spriggan on level 4 of the Lair of Beasts)
 21287 | Lair:4   | You fall through a shaft!
 21981 | Lair:5   | Reached skill level 15 in Fighting
 22119 | Lair:5   | Reached skill level 1 in Bows
 22372 | Lair:5   | Found a staircase to the Slime Pits.
 23999 | Orc:1    | Entered Level 1 of the Orcish Mines
 24278 | Orc:1    | Noticed an orc warlord
 24281 | Orc:1    | Noticed Erica
 24661 | D:12     | HP: 5/121 [orc warlord/war axe of chopping (18)]
 24661 | D:12     | HP: 2/121 [orc warlord/war axe of chopping (3)]
 25103 | D:12     | Killed an orc warlord
 25490 | D:12     | Killed Erica
 25802 | Orc:2    | Entered Level 2 of the Orcish Mines
 25802 | Orc:2    | Found a staircase to the Elven Halls.
 25839 | Orc:2    | Noticed a stone giant
 26095 | Orc:2    | Killed a stone giant
 26190 | Orc:2    | Noticed an orc warlord
 26300 | Orc:1    | Killed an orc warlord
 26586 | Orc:2    | Reached XP level 15. HP: 68/126 MP: 20/20
 27070 | Orc:2    | Noticed an orc warlord
 27182 | Orc:1    | Killed an orc warlord
 27316 | Orc:2    | Gained mutation: You tend to lose your temper in combat. [a neqoxec]
 27362 | Orc:2    | Found Axank's General Store.
 27367 | Orc:2    | Found Vonidd's Jewellery Emporium.
 27369 | Orc:2    | Found Ciatopas's Antique Armour Emporium.
 27369 | Orc:2    | Found Dube's Antique Weapon Shoppe.
 27533 | Orc:2    | Bought the +9 sword of Zonguldrok {reap} for 1120 gold pieces
 27533 | Orc:2    | Found the +9 sword of Zonguldrok {reap}
 27554 | Orc:2    | Bought an uncursed ring of poison resistance for 280 gold pieces
 27676 | Orc:1    | Noticed Josephine
 27805 | Orc:1    | Killed Josephine
 27805 | Orc:1    | Reached skill level 1 in Long Blades
 27805 | Orc:1    | Reached skill level 5 in Bows
 27807 | Orc:1    | Found a burning altar of Makhleb.
 28566 | D:15     | Found Pemeoh's Armour Shoppe.
 28660 | D:15     | Found an opulent altar of Gozag.
 28715 | D:15     | Found a shadowy altar of Dithmenos.
 28882 | D:15     | Noticed Roxanne
 28976 | D:15     | Got a slimy ring mail
 28987 | D:15     | Identified the +5 ring mail "Xodyt" {+Inv rPois Int-4 Slay+4} (You found it on level 15 of the Dungeon)
 29406 | Lair:6   | Entered Level 6 of the Lair of Beasts
 29578 | Lair:6   | Noticed Kirke
 29799 | Lair:6   | Killed Kirke
 29879 | Lair:6   | Reached skill level 16 in Fighting
 29926 | Lair:6   | Reached skill level 5 in Long Blades
 30471 | Lair:6   | Noticed Aldia's ghost (journeyman TrBe)
 30484 | Lair:6   | HP: 6/129 [Aldia's ghost (18)]
 31183 | Lair:6   | Got a pitted mace
 31190 | Lair:6   | Identified the +1 mace of Guilt {antimagic, +Fly rPois Str+2} (You found it on level 6 of the Lair of Beasts)
 31523 | Lair:6   | Killed Aldia's ghost
 31523 | Lair:6   | Reached skill level 15 in Armour
 32203 | Snake:1  | Entered Level 1 of the Snake Pit
 32277 | Snake:1  | Reached XP level 16. HP: 100/136 MP: 21/21
 33938 | Snake:1  | Reached skill level 1 in Evocations
 37597 | Snake:3  | Reached skill level 17 in Fighting
 39861 | Snake:3  | Got a fine hunting sling
 39862 | Snake:3  | Identified the +10 hunting sling of the Hierophant {freeze, Str+2 Dex+3} (You found it on level 3 of the Snake Pit)
 39987 | Snake:4  | Entered Level 4 of the Snake Pit
 40466 | Snake:4  | Reached XP level 17. HP: 53/144 MP: 22/22
 41096 | Snake:4  | Reached skill level 10 in Long Blades
 41342 | Snake:4  | Reached skill level 5 in Evocations
 41732 | Orc:2    | Bought a shiny buckler for 225 gold pieces
 42085 | D:15     | Bought a +1 large shield of fire resistance for 214 gold pieces
 42297 | D:15     | Killed Roxanne
 42494 | Depths:1 | Entered Level 1 of the Depths
 42869 | Shoals:1 | Entered Level 1 of the Shoals
 43522 | Shoals:1 | Reached skill level 5 in Shields
 43804 | Shoals:1 | Noticed a kraken
 43871 | Shoals:1 | Killed a kraken
 43934 | Shoals:1 | Noticed Donald
 43941 | Shoals:1 | Killed Donald
 43946 | Shoals:1 | Reached skill level 15 in Dodging
 43970 | Shoals:1 | Got a pair of heavily runed gloves
 43986 | Shoals:1 | Identified the cursed -2 pair of gloves of the Pink Corner {Str+4} (You found it on level 1 of the Shoals)
 44001 | Shoals:1 | Reached XP level 18. HP: 153/153 MP: 23/23
 44674 | Shoals:2 | Got a fine falchion
 44677 | Shoals:2 | Identified the +3 falchion of the Median {antimagic, Dex+3} (You found it on level 2 of the Shoals)
 45211 | Shoals:3 | Found Lecwatec's Magic Scroll Boutique.
 45241 | Shoals:3 | Bought a scroll of identify for 28 gold pieces
 45250 | Shoals:3 | Found a transporter.
 45745 | Shoals:3 | Found a transporter.
 45773 | Shoals:3 | Found Vowkerchuh's Assorted Antiques.
 45800 | Shoals:3 | Found Soocohik's Antique Armour Shop.
 46033 | Shoals:3 | Identified Goanniq's Arcane Secrets of Spellcraft
 46046 | Shoals:3 | Got a pitted platinum ring
 46048 | Shoals:3 | Identified the ring of the Failed Coup {Dex+2 SInv} (You found it on level 3 of the Shoals)
 46061 | Shoals:3 | Got a fine silver amulet
 46063 | Shoals:3 | Identified the amulet "Mustyaru" {Inacc *Slow MR+ Str+4 Dex+2} (You found it on level 3 of the Shoals)
 46152 | Shoals:4 | Entered Level 4 of the Shoals
 46152 | Shoals:4 | Noticed Ilsuiw
 46758 | Shoals:3 | Killed Ilsuiw
 46758 | Shoals:3 | Reached skill level 10 in Shields
 46806 | Shoals:3 | Reached skill level 18 in Fighting
 47048 | Shoals:4 | HP: 9/231 [centaur/arrow (7)]
 47048 | Shoals:4 | Slain by a merfolk

Skill      XL: |  1  2  3  4  5  6  7  8  9 10 11 12 13 14 15 16 17 18 |
---------------+-------------------------------------------------------+-----
Fighting       | 4 5 6 7 8 9 10 11 12 13 14 15 16 17 18 | 18.0
Axes           | 3 4 5 6 8 9 10 11 12 | 12.4
Dodging        | 1 4 6 7 9 10 11 12 13 14 15 | 15.3
Armour         | 4 5 7 9 10 12 13 14 15 16 | 16.8
Maces & Flails | 3 8 9 11 | 11.5
Invocations    | 3 7 8 |  8.0
Bows           | 4 6 7 |  7.1
Long Blades    | 7 9 10 11 | 11.1
Evocations     | 4 5 |  5.0
Shields        | 8 10 | 10.3

Action                   |  1- 3 |  4- 6 |  7- 9 | 10-12 | 13-15 | 16-18 || total
-------------------------+-------+-------+-------+-------+-------+-------++-------
Melee: War axe           |   193 |   136 |   287 |   328 |       |       ||   944
       Headbutt          |    51 |    17 |    56 |   166 |   301 |   255 ||   846
       Dire flail        |       |       |       |    75 |       |       ||    75
       Great mace        |       |       |       |   182 |  1232 |   206 ||  1620
       Double sword      |       |       |       |       |       |   616 ||   616
 Fire: Shortbow          |       |       |       |       |       |     7 ||     7
Invok: Ancestor Identity |       |       |     1 |       |       |       ||     1
       Ancestor Life: He |       |       |     1 |       |       |       ||     1
       Idealise          |       |       |       |       |     6 |     5 ||    11
       Recall Ancestor   |       |       |       |       |     1 |     7 ||     8
       Transference      |       |       |       |       |       |     1 ||     1
 Abil: Evoke Berserk Rag |       |       |       |       |     3 |       ||     3
Evoke: Wand              |       |       |       |       |     1 |     1 ||     2
       Box of beasts     |       |       |       |       |     1 |       ||     1
  Use: Scroll            |     1 |       |     7 |    19 |    18 |    18 ||    63
       Potion            |       |     1 |       |     6 |     8 |    11 ||    26
 Stab: Distracted        |       |       |       |     9 |    18 |    21 ||    48
       Confused          |       |       |       |     3 |     8 |     3 ||    14
       Paralysed         |       |       |       |       |    15 |    28 ||    43
       Petrified         |       |       |       |       |    11 |       ||    11
  Eat: Chunk             |     2 |     5 |    12 |    14 |    20 |     6 ||    59
       Ration            |       |       |     1 |     5 |    11 |    12 ||    29
Armor: Scale mail        |    16 |       |       |       |       |       ||    16
       Storm dragon scal |    41 |   103 |   125 |   275 |   831 |   528 ||  1903
Dodge: Dodged            |    24 |    31 |    87 |   249 |  1125 |   857 ||  2373
Block: Shield            |    53 |    66 |   111 |   149 |       |       ||   379
       Rpst.: Double sword |       |       |       |       |       |   113 ||   113
